 Dungeon Crawl Stone Soup version 0.31.0-1-g2c135a008e (webtiles) character file.

Game seed: 12590970436527906860

466 qw the Shooter (level 7, -1/52 HPs)
             Began as a Djinni Hunter on Jan 23, 2024.
             Slain by a hobgoblin (5 damage)
             ... led by Robin
             ... on level 4 of the Dungeon.
             The game lasted 00:00:12 (3591 turns).

qw the Shooter (Djinni Hunter)                      Turns: 3591, Time: 00:00:12

Health: -1/52      AC:  6    Str: 13    XL:     7   Next: 30%
Gold:   49         EV: 12    Int: 14    God:
                   SH:  0    Dex: 16

rFire   + + .        a - +2 shortbow
rCold   x . .        (shield currently unavailable)
rNeg    + . .        i - +0 ring mail
rPois   inf          (no helmet)
rElec   .            (no cloak)
rCorr   .            g - +0 pair of gloves
SInv    .            (boots unavailable)
Will    .....        (no amulet)
Stlth   +            b - ring of positive energy
HPRegen 0.28/turn    (no ring)
MPRegen 0.00/turn

%: infuse magic (-2 HP)
@: flying
A: sickness immunity, fire resistance 2, cold vulnerability 1, float, innate
caster, HP casting, extra vitality 1, clever 1, strong 1, subdued magic 1
a: no special abilities


You were on level 4 of the Dungeon.
You visited 1 branch of the dungeon, and saw 4 of its levels.

You collected 144 gold pieces.
You spent 95 gold pieces at shops.


Innate Abilities, Weirdness & Mutations

You are immune to sickness and miasma.
You are immune to poison.
Your flesh is very heat resistant. (rF++)
You are vulnerable to cold. (rC-)
You float through the air rather than walking.
You learn spells naturally, not from books.
Your magical power is your life essence.
You have superior vitality. (+4 MHP)
Your mind is acute. (Int +4, Str/Dex -1)
Your muscles are strong. (Str +4, Int/Dex -1)
Your spells are a little easier to cast, but a little less powerful.


   Skills:
 - Level 4.0 Fighting
 + Level 5.4 Ranged Weapons
 - Level 1.0 Armour
 - Level 4.1 Dodging
 - Level 0.7 Stealth


You knew the following spells:

 Your Spells              Type           Power      Damage    Failure   Level
a - Magic Dart            Conj           0%         1d3       47%         1
b - Scorch                Fire           0%         2d5       63%         2
c - Confusing Touch       Hex            0%         N/A       86%         3
Your spell library was empty.

Inventory:

Hand Weapons
 a - a +2 shortbow (weapon)
Armour
 g - a +0 pair of gloves (worn)
 i - a +0 ring mail (worn)
Jewellery
 b - a ring of positive energy (left hand)
Potions
 c - a potion of enlightenment
 d - a potion of berserk rage {unknown}
 e - 2 potions of curing

Dungeon Overview and Level Annotations

Branches:
Dungeon (4/15)
 Temple: D:4-7

Altars:
Nemelex Xobeh

Shops:
D:2 ?

Annotations:
D:3 3 runed translucent doors, qw's ghost, amateur DjHu


Message History

You shoot an arrow. The arrow closely misses the hobgoblin.
The goblin hits you but does no damage.
Robin hits you with a +3 dagger of protection.
The hobgoblin barely misses you. The goblin hits you but does no damage.
You shoot an arrow. The arrow hits the hobgoblin.
The hobgoblin is severely wounded.
The goblin hits you with a +0 club.
Robin hits you with a +3 dagger of protection.
The goblin hits you with a +0 club.
The hobgoblin hits you but does no damage.
You shoot an arrow. The arrow hits the hobgoblin.
The hobgoblin is almost dead.
The goblin barely misses you. The goblin closely misses you.
The hobgoblin hits you. Robin hits you but does no damage.
The hobgoblin hits you.
Robin hits you with a +3 dagger of protection.
The goblin hits you with a +0 club. The goblin misses you.
You shoot an arrow. The arrow hits the hobgoblin!
You kill the hobgoblin!
The goblin barely misses you. The goblin misses you.
You shoot an arrow. The arrow hits Robin!
Robin is heavily wounded.
The goblin closely misses you. The goblin hits you but does no damage.
You shoot an arrow. The arrow hits Robin.
Robin is severely wounded.
The goblin barely misses you.
Robin hits you with a +3 dagger of protection.
The goblin closely misses you. The hobgoblin barely misses you.
You shoot an arrow.
The arrow hits Robin but does no damage.
Robin is severely wounded.
The goblin hits you but does no damage. The hobgoblin misses you.
The goblin hits you but does no damage. The hobgoblin closely misses you.
The goblin misses you. The goblin hits you but does no damage.
You shoot an arrow. The arrow hits Robin.
You kill Robin!
The goblin no longer looks unusually strong.
The goblin misses you. The goblin hits you but does no damage.
The hobgoblin hits you.
You die...

.#.....#####
.'.........#
##.....###.# #.....#
#.###
##.....###...########.
...)................|.
#................##
#.####........#gg#
#...#.........#)@#
###.#.........##g#
..#.....########).
#.###.### .... #.....#
..#.# .....## .).#..
###### ### ...##.#
#.##~######~##...# .#
#.#~~~~~~~~~~#


You could see a hobgoblin (strong) and 2 goblins.

Vanquished Creatures
  Menkaure (D:4)
  A phantom (D:4)
  2 jellies (D:4)
  A sleepcap (D:4)
  An iguana (D:4)
  Robin (D:4)
  4 adders
  2 dart slugs
  3 ribbon worms
  5 orcs
  10 endoplasms
  5 giant cockroaches
  8 hobgoblins
  7 jackals
  5 quokkas
  7 ball pythons
  4 bats
  2 frilled lizards
  9 goblins
  10 kobolds
  13 rats
101 creatures vanquished.

Notes
Turn   | Place    | Note
-------+----------+-------------------------------------------
     0 | D:1      | qw the Djinni Hunter began the quest for the Orb.
     0 | D:1      | Reached XP level 1. HP: 18/18 MP: 0/0
     0 | D:1      | 0 ||| qw: Version: 0.3-a-136-gdd3b4e8
     0 | D:1      | 0 ||| qw: Game counter: 1054
     0 | D:1      | 0 ||| qw: Melee chars always use a shield: true
     0 | D:1      | 0 ||| qw: God list: Okawaru
     0 | D:1      | 0 ||| qw: Allow faded altars: false
     0 | D:1      | 0 ||| qw: Do Orc after clearing Dungeon:15 true
     0 | D:1      | 0 ||| qw: Do second Lair branch before Depths: true
     0 | D:1      | 0 ||| qw: Lair rune preference: random
     0 | D:1      | 0 ||| qw: Goals: Normal
     0 | D:1      | 0 ||| PLANNING D:1-11
   147 | D:1      | Reached XP level 2. HP: 23/23 MP: 0/0
   394 | D:1      | Reached skill level 4 in Ranged Weapons
   394 | D:1      | Reached XP level 3. HP: 28/28 MP: 0/0
   394 | D:1      | Learned a level 1 spell: Magic Dart
   542 | D:1      | Found a faded altar of an unknown god.
   999 | D:1      | 999 ||| UPGRADING to +0 pair of gloves.
  1004 | D:1      | 1004 ||| READING scroll labelled YGYIWKASIV.
  1105 | D:1      | 1105 ||| READING 2 scrolls labelled RAPUVO TIUXKU.
  1106 | D:1      | 1106 ||| READING 2 scrolls labelled PYETUTS XAATIA.
  1106 | D:1      | 1106 ||| IDENTIFYING green potion
  1107 | D:1      | 1107 ||| READING scroll of identify.
  1107 | D:1      | 1107 ||| IDENTIFYING white potion
  1108 | D:1      | 1108 ||| READING scroll labelled QEIKLU USAVIPS.
  1109 | D:1      | 1109 ||| DROPPING scroll of butterflies.
  1110 | D:1      | 1110 ||| DROPPING potion of lignification.
  1111 | D:1      | 1111 ||| DROPPING scroll of fog.
  1343 | D:2      | Found Waoqoet's Magic Scroll Shoppe.
  1356 | D:2      | 1356 ||| FLEEEEING.
  1358 | D:2      | Reached XP level 4. HP: 32/34 MP: 0/0
  1370 | D:2      | 1370 ||| BUYING scroll of enchant weapon (75 gold).
  1370 | D:2      | Bought a scroll of enchant weapon for 75 gold pieces
  1370 | D:2      | 1370 ||| SHOPLISTING scroll of enchant weapon (75 gold,
                  | have 29).
  1370 | D:2      | 1370 ||| BUYING scroll of identify (20 gold).
  1370 | D:2      | Bought a scroll of identify for 20 gold pieces
  1370 | D:2      | 1370 ||| SHOPLISTING scroll of identify (20 gold, have 9).
  1370 | D:2      | 1370 ||| SHOPLISTING scroll of teleportation (30 gold, have
                  | 9).
  1370 | D:2      | 1370 ||| READING scroll of enchant weapon.
  1370 | D:2      | 1370 ||| ENCHANTING +0 shortbow.
  1504 | D:2      | Reached skill level 3 in Fighting
  1679 | D:2      | 1679 ||| READING scroll of enchant weapon.
  1679 | D:2      | 1679 ||| ENCHANTING +1 shortbow.
  1811 | D:2      | 1811 ||| UPGRADING to +0 ring mail.
  1821 | D:2      | 1821 ||| DROPPING +0 leather armour.
  1822 | D:2      | 1822 ||| UPGRADING to ring of positive energy.
  1823 | D:2      | 1823 ||| READING 2 scrolls of identify.
  1823 | D:2      | 1823 ||| IDENTIFYING sapphire potion
  1824 | D:2      | 1824 ||| DRINKING potion of mutation.
  1824 | D:2      | Gained mutation: Your mind is acute. (Int +4, Str/Dex -1)
                  | [potion of mutation]
  1824 | D:2      | Gained mutation: Your spells are a little easier to cast,
                  | but a little less powerful. [potion of mutation]
  1824 | D:2      | Gained mutation: Your muscles are strong. (Str +4, Int/Dex
                  | -1) [potion of mutation]
  1825 | D:2      | 1825 ||| READING scroll of identify.
  1825 | D:2      | 1825 ||| IDENTIFYING scroll labelled BATASTR LIVVE
  1826 | D:2      | 1826 ||| DROPPING scroll of revelation.
  1909 | D:3      | Reached skill level 1 in Armour
  2436 | D:3      | Reached XP level 5. HP: 40/40 MP: 0/0
  2436 | D:3      | Learned a level 2 spell: Scorch
  2480 | D:3      | Found a runed translucent gate.
  2481 | D:3      | Found a runed translucent gate.
  2481 | D:3      | Identified the +6 scale mail of True Grit {rCorr}
  2482 | D:3      | Found a runed translucent gate.
  2482 | D:3      | Noticed qw's ghost (amateur DjHu)
  2507 | D:3      | Identified the +0 robe of Resonance {^Drain Str+4}
  2648 | D:3      | 2648 ||| DROPPING +0 robe of Resonance {^Drain Str+4}.
  2649 | D:3      | 2649 ||| READING scroll of identify.
  2649 | D:3      | 2649 ||| IDENTIFYING puce potion
  2694 | D:4      | 2694 ||| PLANNING SEWER
  2888 | D:4      | Noticed a phantom
  2909 | D:4      | HP: 10/40 [phantom (6)]
  2911 | D:4      | Killed a phantom
  2912 | D:4      | Reached skill level 5 in Ranged Weapons
  2912 | D:4      | Reached XP level 6. HP: 13/46 MP: 0/0
  3072 | D:4      | Found a sparkling altar of Nemelex Xobeh.
  3109 | D:4      | Noticed Menkaure
  3113 | D:4      | HP: 9/46 [??? (5)]
  3114 | D:4      | Killed Menkaure
  3263 | D:4      | Reached XP level 7. HP: 50/50 MP: 0/0
  3263 | D:4      | Learned a level 3 spell: Confusing Touch
  3366 | D:4      | 3366 ||| RIP SEWER
  3389 | D:4      | 3389 ||| PLANNING D:1-11
  3473 | D:4      | 3473 ||| FLEEEEING.
  3575 | D:4      | Identified the +1 helmet of the Devil's Team {Harm}
  3575 | D:4      | Noticed Robin
  3585 | D:4      | HP: 13/52 [goblin/+0 club[Robin] (5)]
  3586 | D:4      | HP: 6/52 [Robin/+3 dagger of protection (3)]
  3591 | D:4      | Killed Robin
  3591 | D:4      | Slain by a hobgoblin

Levels and vault maps discovered:
D:1:      sevenhm_arrival_forest_fort_large_4, layout_loops_ring,
          hellmonk_ecumenical_altar_zigzags, minmay_rat_gold_closets
D:2:      layout_basic, serial_shops, shop
D:3:      layout_loops_ring, biasface_ghost_orc_armoury
D:4:      layout_basic, nemelex_xobeh_ov_fountains_minmay,
          gup_sewer_entry_bubbles, chequers_serial_rivers_micro_c, uniq_ijyb,
          uniq_menkaure, uniq_robin

Skill      XL: |  1  2  3  4  5  6  7 |
---------------+----------------------+-----
Ranged Weapons | 4 5 |  5.4
Fighting       | 3 4 |  4.0
Armour         | 1 |  1.0
Dodging        | 4 |  4.1
Stealth        | |  0.7

Action                     |  1- 3 |  4- 6 |  7- 9 || total
---------------------------+-------+-------+-------++-------
   Fire: Shortbow          |   102 |   149 |    58 ||   309
    Use: Scroll            |     5 |     5 |       ||    10
         Potion            |       |     1 |       ||     1
 Armour: Leather armour    |    23 |       |       ||    23
         Ring mail         |       |    57 |    43 ||   100
  Dodge: Dodged            |    31 |    37 |    41 ||   109

Table legend:
 A = Non-vault XP
 B = Vault XP
 C = Vault XP percentage of total XP
 D = Non-vault monster count
 E = Vault monster count
 F = Vault count percentage of total count
                 A         B        C        D         E       F
            +---------+---------+-------+---------+---------+-------
      Total |     450 |     232 |  34.0 |      78 |      23 |  22.8
            +---------+---------+-------+---------+---------+-------
        D:1 |      44 |       7 |  13.7 |      28 |       7 |  20.0
        D:2 |      28 |       0 |   0.0 |      13 |       0 |   0.0
        D:3 |      81 |       0 |   0.0 |      25 |       0 |   0.0
        D:4 |     297 |     225 |  43.1 |      12 |      16 |  57.1
            +---------+---------+-------+---------+---------+-------
